Map: 16-Bit LE

Players

Optimus - Winner!

  • Race: Terran Terran
  • Spawn Location: 1:00

SKillous (Elroye)

  • Race: Zerg Zerg
  • Spawn Location: 7:00

Event: WCS Valencia 2018

VOD

Have the link to the VOD?

Description

Time

  • Played on: July 12, 2018, 10:08 a.m.
  • Length: 12:46

All games in this series

Show
View Real Time Build Order
Export as new Build Order

Optimus Terran - Winner!

Build Orders: MMM Bio 

Get SALT Encoding   

  12  0:00  SCV  
  13  0:13  SCV  
  14  0:17  Supply Depot  
  14  0:25  SCV  
  15  0:29  Refinery  
  15  0:39  SCV  
  16  0:45  Barracks  
  16  0:51  SCV  
  17  1:02  Barracks  
  17  1:07  SCV  
  18  1:22  Barracks  
  18  1:25  SCV  
  19  1:33  Reaper  
  20  1:42  Orbital Command  
  20  1:49  Reaper  
  21  1:55  Supply Depot  
  21  2:00  Refinery  
  21  2:05  Reaper  
  22  2:08  Reaper  
  23  2:20  SCV  
  23  2:22  Supply Depot  
  24  2:25  Reaper  
  25  2:32  SCV  
  26  2:37  Reaper  
  27  2:44  SCV, Reaper  
  29  2:57  Reaper  
  29  2:58  SCV  
  31  3:10  Command Center  
  31  3:17  Reaper  
  31  3:18  SCV  
  33  3:29  Reaper  
  33  3:30  SCV  
  33  3:31  Barracks Tech Lab  
  34  3:42  SCV  
  34  3:45  Factory  
  34  3:48  Supply Depot  
  35  3:53  Stimpack  
  35  3:54  Marine, SCV  
  37  4:09  SCV  
  40  4:16  Barracks Reactor  
  39  4:17  Marine  
  39  4:21  SCV  
  39  4:22  Orbital Command  
  40  4:25  Barracks Reactor  
  40  4:30  Starport  
  40  4:34  SCV, Refinery  
  40  4:35  Marine  
  42  4:39  Factory Reactor  
  42  4:43  Supply Depot  
  42  4:46  SCV  
  42  4:48  SCV  
  44  4:53  Marine x3  
  44  4:58  SCV  
  48  5:00  SCV  
  48  5:06  Marine x2  
  50  5:10  SCV  
  50  5:11  Marine  
  50  5:13  SCV  
  52  5:17  Marine x2  
  52  5:19  Medivac x2  
  52  5:20  Supply Depot  
  58  5:22  SCV  
  58  5:23  Marine  
  58  5:25  SCV  
  58  5:27  Marine  
  62  5:28  Marine  
  62  5:34  Marine x2, SCV  
  66  5:37  SCV  
  66  5:41  Marine  
  68  5:44  Marine  
  68  5:46  Marine, SCV  
  68  5:49  SCV  
  72  5:51  Engineering Bay x2  
  72  5:52  Marine x2  
  74  5:57  Combat Shields  
  74  5:58  SCV  
  74  6:01  SCV  
  76  6:04  Marine x2  
  76  6:08  Supply Depot  
  76  6:09  Marine  
  76  6:10  SCV  
  80  6:13  SCV  
  80  6:17  Terran Infantry Weapons Level 1  
  80  6:18  Terran Infantry Armor Level 1  
  81  6:22  SCV  
  81  6:25  SCV  
  83  6:35  SCV  
  83  6:37  SCV  
  69  6:47  SCV, Medivac  
  69  6:48  Medivac  
  69  6:49  Marine x3, SCV  
  69  6:50  Marine x2  
  69  6:51  Command Center  
  79  6:54  Refinery  
  79  6:56  Factory Tech Lab  
  79  6:59  SCV  
  80  7:01  SCV  
  81  7:11  SCV, Barracks x2  
  81  7:14  Marine x5  
  87  7:17  Siege Tank  
  90  7:23  Medivac  
  90  7:24  Medivac  
  94  7:30  Supply Depot  
  94  7:35  Supply Depot x2  
  94  7:40  Armory  
  94  7:52  SCV x2  
  94  7:58  Siege Tank  
  99  8:00  Marine x4  
  99  8:01  Marine  
  99  8:03  Barracks Reactor x2  
  99  8:04  SCV  
  99  8:05  Orbital Command  
  105  8:06  SCV  
  97  8:17  SCV  
  97  8:18  Marine x5, SCV  
  101  8:24  Orbital Command  
  101  8:29  SCV  
  101  8:33  Siege Tank  
  105  8:36  Marine x5  
  109  8:45  Terran Infantry Weapons Level 2  
  109  8:46  Terran Infantry Armor Level 2  
  109  8:48  SCV  
  110  8:50  SCV x2  
  110  8:53  Terran Vehicle And Ship Armor Level 1  
  110  8:54  Marine x5  
  117  8:57  Marine  
  117  8:58  Marine x2  
  117  9:00  Marine  
  121  9:03  Concussive Shells  
  121  9:05  Refinery  
  121  9:06  Siege Tank  
  121  9:08  Refinery  
  121  9:09  Medivac  
  126  9:10  Medivac  
  126  9:11  Marine  
  126  9:12  Marine  
  126  9:15  SCV  
  132  9:19  Marine  
  132  9:21  Marine  
  132  9:23  Factory  
  133  9:34  Supply Depot  
  133  9:38  Marine  
  133  9:40  Marine  
  133  9:41  Command Center  
  133  9:43  Marine x2  
  133  9:51  Supply Depot  
  133  9:52  Marine x5, Supply Depot  
  133  9:53  Supply Depot x2, Siege Tank  
  133  9:56  Marine, Medivac  
  133  9:58  Marine  
  145  10:01  Marine x2  
  145  10:02  SCV x2  
  145  10:05  Supply Depot  
  149  10:07  Supply Depot  
  149  10:08  Supply Depot  
  149  10:10  Factory Tech Lab  
  149  10:11  Liberator x2  
  149  10:22  Marine  
  149  10:23  Marine x8  
  149  10:25  Siege Tank  
  161  10:32  Thor  
  173  10:40  Marine x2  
  175  10:44  Marine x7  
  175  10:46  Missile Turret  
  180  10:57  Thor  
  176  10:58  Marine x2  
  176  11:02  Marine x5  
  187  11:19  Missile Turret  
  187  11:20  Marine x7  
  189  11:27  Missile Turret  
  189  11:29  Planetary Fortress  
  189  11:31  Missile Turret  
  189  11:32  Missile Turret  
  184  11:36  Missile Turret  
  184  11:41  Siege Tank  
  187  11:50  Siege Tank  
  190  12:02  Marine x4, Sensor Tower  
  190  12:03  Marine x3  
  197  12:10  Marine x2  
  197  12:13  Siege Tank  
Show
View Real Time Build Order
Export as new Build Order

SKillous Zerg 

Build Orders: Hatch First, Muta Ling Bane 

Get SALT Encoding   

  12  0:00  Drone  
  13  0:12  Overlord  
  13  0:18  Drone  
  14  0:31  Drone x2  
  14  0:34  Drone  
  17  0:54  Hatchery  
  17  0:56  Drone  
  17  0:59  Drone  
  18  1:09  Extractor  
  17  1:14  Spawning Pool  
  17  1:17  Drone  
  17  1:22  Drone  
  18  1:28  Drone  
  19  1:42  Overlord  
  19  2:01  Queen  
  19  2:02  Zergling x4  
  19  2:05  Queen  
  19  2:06  Drone  
  26  2:11  Metabolic Boost  
  26  2:13  Drone  
  27  2:16  Drone  
  27  2:22  Drone  
  29  2:27  Drone  
  30  2:33  Drone  
  31  2:44  Hatchery  
  31  2:48  Queen  
  32  2:56  Drone x2  
  34  2:59  Zergling x4  
  35  3:11  Zergling x4  
  36  3:13  Overlord  
  36  3:17  Zergling x6  
  32  3:29  Zergling x2  
  32  3:30  Zergling x4  
  32  3:32  Queen  
  37  3:44  Zergling x6  
  40  3:52  Evolution Chamber  
  39  3:56  Zergling x4  
  39  3:57  Queen  
  39  4:00  Zergling x2  
  44  4:04  Zergling x4  
  46  4:16  Zergling x2  
  47  4:25  Drone x2  
  47  4:26  Drone, Overlord  
  50  4:31  Zerg Melee Weapons Level 1  
  50  4:44  Queen  
  51  4:49  Drone x5  
  51  4:50  Drone  
  57  4:55  Drone  
  57  5:04  Drone  
  57  5:07  Overlord  
  57  5:16  Overlord  
  57  5:26  Drone  
  57  5:27  Drone x7  
  65  5:33  Drone  
  65  5:34  Drone  
  67  5:40  Drone x6  
  67  5:41  Drone  
  72  5:47  Evolution Chamber  
  72  5:48  Extractor  
  70  5:53  Drone x4  
  70  5:56  Baneling Nest  
  73  5:57  Lair  
  73  5:58  Overlord  
  73  6:12  Overlord  
  73  6:25  Zergling x20  
  81  6:33  Zerg Ground Armor Level 1  
  76  6:40  Zergling x12  
  76  6:41  Zergling x2  
  76  6:48  Zergling x10  
  76  6:54  Extractor  
  80  7:01  Drone, Overlord  
  81  7:10  Drone  
  81  7:14  Overlord  
  82  7:16  Zerg Melee Weapons Level 2  
  82  7:19  Hatchery  
  81  7:26  Drone  
  82  7:30  Hatchery  
  82  7:32  Queen  
  82  7:33  Baneling x3  
  82  7:34  Drone x7  
  89  7:40  Centrifical Hooks  
  89  7:42  Overlord x3  
  89  7:44  Overlord  
  89  7:47  Extractor  
  89  7:49  Extractor x2  
  86  7:54  Zergling x2  
  86  7:55  Zergling x10  
  68  8:14  Drone x8  
  72  8:28  Drone x7  
  72  8:30  Queen  
  72  8:31  Drone  
  72  8:32  Drone  
  83  8:37  Zerg Ground Armor Level 2  
  83  8:39  Drone x5, Spire  
  86  8:41  Drone  
  86  8:46  Drone  
  88  8:49  Drone  
  88  8:53  Baneling x4  
  88  8:54  Baneling x2  
  88  8:55  Baneling x2  
  89  8:59  Hatchery  
  89  9:00  Zergling x12  
  94  9:08  Zergling x6  
  94  9:09  Zergling x4  
  97  9:20  Zergling x16  
  97  9:21  Zergling x2  
  106  9:25  Drone x2  
  106  9:26  Drone  
  98  9:40  Zergling x10  
  88  9:53  Mutalisk x4  
  88  9:56  Mutalisk x2  
  88  9:57  Mutalisk x3  
  106  10:07  Drone  
  106  10:08  Drone x4  
  106  10:11  Baneling x3  
  111  10:16  Infestation Pit  
  111  10:21  Zergling x10  
  114  10:28  Zergling x2  
  114  10:29  Zergling x18  
  114  10:31  Baneling x4  
  124  10:36  Zergling x2  
  124  10:39  Overlord x2  
  124  10:40  Baneling  
  124  10:42  Baneling x5  
  113  11:01  Drone x3  
  113  11:04  Drone x2  
  115  11:06  Zergling x20  
  115  11:08  Zergling x2  
  126  11:22  Queen  
  128  11:31  Zergling x16, Hatchery  
  135  11:35  Baneling x7  
  129  12:03  Zergling x4  
  129  12:04  Zergling x10  
  129  12:07  Baneling  
  129  12:08  Baneling x5  
  135  12:09  Overlord  
  135  12:14  Zergling x14  
  135  12:15  Zergling x2  
  135  12:18  Zergling x2  
  135  12:19  Overlord  
Tags
 
Add a new tag
Caveats
  • Supply blocks, unpowered buildings, or Contaminate may cause inaccurate times.
  • Supply counts are checked every 10 seconds.